 Dungeon Sprint DCSS version 0.27-a0-394-g49c82dfaf2 (webtiles) character file.

Game seed: 17264665742964649518

1432 mhtbhm the Cleaver (level 8, -2/85 HPs)
             Began as a Minotaur Berserker on Feb 20, 2021.
             Was a High Priest of Trog.
             Slain by Sonja
             ... wielding a +0 dagger of distortion
              (14 damage)
             ... in the Dungeon (Sprint VII: "The Pits").
             The game lasted 00:01:38 (985 turns).

mhtbhm the Cleaver (Minotaur Berserker)              Turns: 985, Time: 00:01:39

Health: -2/85      AC: 20    Str: 24    XL:     8   Next: 45%
Magic:  7/7        EV:  9    Int:  4    God:    Trog [*****.]
Gold:   0          SH:  0    Dex: 10    Spells: 7/7 levels left

rFire    . . .     SeeInvis .   a - +3 battleaxe (vorpal)
rCold    . . .     Faith    .   (shield currently unavailable)
rNeg     . . .     Spirit   .   b - +3 plate armour
rPois    .         Reflect  .   (helmet restricted)
rElec    .         Harm     .   o - +0 cloak
rCorr    .         Rampage  .   (no gloves)
Will     .....     NoTele   +   p - +0 pair of boots
Stlth    ..........             (no amulet)
HPRegen  0.24/turn              (no ring)
MPRegen  0.10/turn              (no ring)

@: berserk cooldown, hasted and slowed
A: retaliatory headbutt, horns 2
a: Renounce Religion, Berserk, Trog's Hand, Brothers in Arms


You were in the Dungeon.
You worshipped Trog.
Trog was extremely pleased with you.
You visited 1 branch

Inventory:

Hand Weapons
 a - a +3 vorpal battleaxe (weapon)
Armour
 b - a +3 plate armour (worn)
 o - a +0 cloak (worn)
 p - a +0 pair of boots (worn)
Jewellery
 k - a +3 ring of evasion
 l - a +3 ring of evasion
Scrolls
 h - a scroll of blinking
 j - a scroll of summoning
Potions
 c - 5 potions of curing
 d - 8 potions of heal wounds
 e - a potion of haste
 f - 4 potions of magic
 g - 4 potions of berserk rage
 i - 2 potions of invisibility
 m - 2 potions of might
 n - 3 potions of mutation


   Skills:
 + Level 12.8 Fighting
 + Level 13.7 Axes
 + Level 9.4 Armour
 + Level 7.2 Dodging
 + Level 3.3 Stealth


You had 7 spell levels left.
You didn't know any spells.
Your spell library was empty.

Dungeon Overview and Level Annotations

Branches:
Dungeon (1/1)

Altars:
Ashenzari
Cheibriados
Dithmenos
Elyvilon
Fedhas
Gozag
Hepliaklqana
Kikubaaqudgha
Makhleb
Nemelex Xobeh
Okawaru
Qazlal
Ru
Sif Muna
Trog
Uskayaw
Vehumet
Wu Jian
Xom
Yredelemnul
Zin
The Shining One
Beogh
Jiyva
Lugonu

Annotations:
D Sonja


Innate Abilities, Weirdness & Mutations

You reflexively headbutt those who attack you in melee.
You have a pair of horns on your head.


Message History

Sonja bows elegantly.
Sonja hits you but does no damage. Space warps horribly around you!
Sonja hits you but does no damage. Sonja closely misses you.
You miss Sonja.
Sonja gestures wildly while chanting.
Sonja blinks!
Things that are here:
a +0 dagger; a +0 robe; an orc corpse You feel a strong urge to attack something.
You feel sick.
Sonja throws a curare-tipped dart.
The curare-tipped dart completely misses you.
Sonja is nearby!
Sonja is nearby!
Sonja says, "I'm academy-trained, you know."
Sonja throws a curare-tipped dart.
The curare-tipped dart hits you.
You are more poisoned.
You have difficulty breathing.
You feel as though you will be slow longer.
You feel your anger nearly subside.
You are no longer berserk.
Trog's vigour flows through your veins.
You are exhausted.
You feel as though you will be slow longer.
You feel sick.
Your deep troll goes berserk!
You feel sick.
You feel yourself speed up.
You feel sick. Sonja closely misses you. Sonja hits you but does no damage.
Space bends around you.
* * * LOW HITPOINT WARNING * * *
Sonja hits you with a +0 dagger of distortion.
* * * LOW HITPOINT WARNING * * *
Unknown command.
You feel better. Sonja hits you but does no damage. Space bends around you!
* * * LOW HITPOINT WARNING * * *
Sonja hits you but does no damage. x2; Space warps horribly around you.
* * * LOW HITPOINT WARNING * * *
Sonja hits you but does no damage. Space bends around you.
* * * LOW HITPOINT WARNING * * *
Sonja closely misses you. Sonja hits you but does no damage.
Space warps horribly around you!
You die...

'................+
#......#..#......#
#................#
####'#####''######
#.......##''#
#.......##.K##
#.......##...## .#
#...<...###...##+##..##
#.......# ##.).K@T....#
#.......#
#..###+###...#
#.......##..## #
##########..
##########..
...#....###. ...#..[[#
## ...'..))# ...#..))#


You could see Sonja (ally target) and a friendly deep troll (summoned, berserk).

Vanquished Creatures
  An orc sorcerer (D)
  A cyclops (D)
  A warg (D)
  A soldier ant (D)
  A sky beast (D)
  An eye of draining (D)
  A gnoll sergeant (D)
  A hound (D)
  A gnoll shaman (D)
  A worker ant (D)
  2 adders (D)
  6 gnolls (D)
  An adder zombie (D)
  An orc (D)
  2 bats (D)
  3 giant cockroaches (D)
  2 hobgoblins (D)
  3 jackals (D)
  A kobold (D)
  A quokka (D)
  A ball python skeleton (D)
33 creatures vanquished.

Notes
Turn   | Place    | Note
-------+----------+-------------------------------------------
     0 | D        | mhtbhm the Minotaur Berserker began the quest for the Orb.
     0 | D        | Reached XP level 1. HP: 19/19 MP: 0/0
    17 | D        | Reached skill level 4 in Axes
    20 | D        | Found a bloodstained altar of Trog.
    20 | D        | Found a shimmering blue altar of Sif Muna.
    20 | D        | Found a viscous altar of Jiyva.
    20 | D        | Found a hazy altar of Hepliaklqana.
    20 | D        | Found an opulent altar of Gozag.
    21 | D        | Found a glowing golden altar of the Shining One.
    21 | D        | Found a glowing silver altar of Zin.
    21 | D        | Found a basalt altar of Yredelemnul.
    21 | D        | Found a shimmering altar of Xom.
    21 | D        | Found an ornate altar of the Wu Jian Council.
    21 | D        | Found a sacrificial altar of Ru.
    21 | D        | Found a stormy altar of Qazlal.
    21 | D        | Found an iron altar of Okawaru.
    21 | D        | Found a sparkling altar of Nemelex Xobeh.
    21 | D        | Found a burning altar of Makhleb.
    21 | D        | Found a blossoming altar of Fedhas.
    21 | D        | Found a white marble altar of Elyvilon.
    21 | D        | Found a shadowy altar of Dithmenos.
    21 | D        | Found a snail-covered altar of Cheibriados.
    23 | D        | Found a radiant altar of Vehumet.
    23 | D        | Found a corrupted altar of Lugonu.
    23 | D        | Found a roughly hewn altar of Beogh.
    65 | D        | Reached ** piety under Trog
    74 | D        | Reached skill level 5 in Fighting
    74 | D        | Reached skill level 5 in Axes
    74 | D        | Reached XP level 2. HP: 29/29 MP: 1/1
   260 | D        | Reached *** piety under Trog
   269 | D        | Reached XP level 3. HP: 14/36 MP: 2/2
   508 | D        | Found a hide-covered altar of Uskayaw.
   508 | D        | Found an ancient bone altar of Kikubaaqudgha.
   508 | D        | Found a broken altar of Ashenzari.
   533 | D        | Noticed a warg
   533 | D        | Noticed a sky beast
   535 | D        | Reached **** piety under Trog
   536 | D        | Reached skill level 6 in Axes
   538 | D        | Reached XP level 4. HP: 45/45 MP: 3/3
   539 | D        | Reached skill level 7 in Axes
   539 | D        | Reached skill level 1 in Stealth
   540 | D        | Reached ***** piety under Trog
   541 | D        | Killed a sky beast
   542 | D        | Reached skill level 9 in Axes
   542 | D        | Reached skill level 5 in Armour
   542 | D        | Reached XP level 5. HP: 56/56 MP: 4/4
   544 | D        | Killed a warg
   545 | D        | Reached skill level 10 in Axes
   545 | D        | Reached skill level 5 in Dodging
   545 | D        | Reached XP level 6. HP: 66/66 MP: 5/5
   549 | D        | Reached skill level 10 in Fighting
   592 | D        | Noticed a cyclops
   599 | D        | Killed a cyclops
   600 | D        | Reached skill level 11 in Axes
   600 | D        | Reached XP level 7. HP: 74/74 MP: 6/6
   626 | D        | Received a gift from Trog
   635 | D        | Reached skill level 12 in Axes
   775 | D        | Reached ****** piety under Trog
   782 | D        | Found the +2 Maxwell's thermic engine {flame, freeze}
   921 | D        | Noticed an orc sorcerer
   926 | D        | Killed an orc sorcerer
   927 | D        | Reached skill level 13 in Axes
   927 | D        | Reached XP level 8. HP: 85/85 MP: 1/7
   972 | D        | Noticed Sonja
   985 | D        | Slain by Sonja

Illustrated notes

Levels and vault maps discovered:
D:        pitsprint [storerooms_1, entrance_room_1, metal_vault_5, armoury_2,
          mini_pit_1, grid_room_1, main_hall_1, silver_pit, the_coven_1,
          the_vestibule_1, steel_vault_1, golden_pit, hallway_of_sentries,
          crystal_vault_5, iron_vault_1, final_vault]

Skill      XL: |  1  2  3  4  5  6  7 |
---------------+----------------------+-----
Axes           | 5 6 9 10 11 13 | 13.7
Fighting       | 5 6 8 9 11 12 | 12.8
Armour         | 3 5 6 7 9 |  9.4
Dodging        | 3 4 5 6 7 |  7.2
Stealth        | 1 2 3 |  3.3

Action                   |  1- 3 |  4- 6 |  7- 9 || total
-------------------------+-------+-------+-------++-------
Melee: Hand axe          |    19 |    16 |     9 ||    44
       Headbutt          |     3 |     6 |     4 ||    13
       Battleaxe         |       |       |    11 ||    11
Invok: Berserk           |     2 |     1 |     3 ||     6
       Brothers in Arms  |       |       |     1 ||     1
  Use: Potion            |       |       |     2 ||     2
 Stab: Sleeping          |     1 |       |       ||     1
Armor: Animal skin       |     2 |       |       ||     2
       Scale mail        |     1 |     5 |     2 ||     8
       Plate armour      |       |       |    11 ||    11
Dodge: Dodged            |    14 |    12 |    15 ||    41

Table legend: (Time is in decaauts)
 A = Elapsed time spent in this place.
 B = Non-inter-level travel time spent in this place.
 C = Inter-level travel time spent in this place.
 D = Time resting spent in this place.
 E = Time spent auto-exploring this place.
 F = Levels seen in this place.
 G = Mean time per level.
                   A        B        C        D        E       F      G
               +--------+--------+--------+--------+--------+-----+--------+
         Total |   1025 |   1025 |      0 |    592 |    113 |   1 | 1025.0 |
       Dungeon |   1025 |   1025 |      0 |    592 |    113 |   1 | 1025.0 |
               +--------+--------+--------+--------+--------+-----+--------+

Top non-repeatable levels by time:
       D: 1025 daAuts
